 Dungeon Crawl Stone Soup version 0.31-a0-983-g7b6862f502 (webtiles) character file.

Game seed: 12498231568820190808

23202 billz999 the Brawler (level 12, -4/123 HPs)
             Began as a Troll Fighter on Nov 3, 2023.
             Was an Initiate of Gozag.
             Slain by a six-headed hydra (13 damage)
             ... on level 3 of the Lair of Beasts.
             The game lasted 00:18:18 (11242 turns).

billz999 the Brawler (Troll Fighter)               Turns: 11242, Time: 00:18:19

Health: -4/123     AC:  4    Str: 31    XL:     12   Next: 69%
Magic:  0/11       EV:  9    Int:  4    God:    Gozag
Gold:   3232       SH: 19    Dex: 12    Spells: 11/11 levels left

rFire   + +          .
                       - Unarmed
rCold   + . .        m - +8 kite shield "Telamnux" {*Slow rF++ rC+ Dex+3}
rNeg    . . .        a - +0 robe
rPois   +            (helmet restricted)
rElec   .            L - scarf {repulsion}
rCorr   .            (gloves unavailable)
SInv    .            (boots unavailable)
Will    .....        e - amulet of guardian spirit
Stlth   +            A - ring of poison resistance
HPRegen 1.20/turn    (no ring)
MPRegen 0.12/turn

%: slow self (1%), repel missiles, guardian spirit
@: slowed, very slow
A: large, unfitting armour, claws 3, regeneration 1, shaggy fur 1, tough skin 1
a: Renounce Religion, Potion Petition, Call Merchant, Bribe Branch


You were on level 3 of the Lair of Beasts.
You worshipped Gozag.
Gozag was most pleased with you.
You visited 3 branches of the dungeon, and saw 14 of its levels.
You also visited: Sewer.

You collected 3374 gold pieces.
You paid 142 gold pieces to Gozag.

Inventory:

Missiles
 F - 2 throwing nets
Armour
 a - a +0 robe (worn)
 b - a +0 kite shield
 m - the +8 kite shield "Telamnux" (worn) {*Slow rF++ rC+ Dex+3}
   (You found it on level 2 of the Dungeon)

   Dex+3:     It affects your dexterity (+3).
   rF++:      It greatly protects you from fire.
   rC+:       It protects you from cold.
   *Slow:     It may slow you when you take damage.
 L - a scarf of repulsion (worn)
Magical Staves
 g - a staff of fire
Jewellery
 e - an amulet of guardian spirit (around neck)
 w - a ring of ice
 A - a ring of poison resistance (left claw)
 H - a ring of willpower
 I - a +6 ring of intelligence
 M - an amulet of magic regeneration
Talismans
 q - a serpent talisman
Wands
 x - a wand of iceblast (11)
 E - a wand of flame (16)
 O - a wand of charming (3)
Scrolls
 f - 2 scrolls of vulnerability {unknown}
 h - 2 scrolls of revelation
 j - 2 scrolls of poison
 k - a scroll of torment
 l - 2 scrolls of fog
 o - a scroll of summoning {unknown}
 r - a scroll of immolation {unknown}
 s - 3 scrolls of amnesia
 u - 5 scrolls of blinking {unknown}
 y - 7 scrolls of identify
 C - a scroll of enchant armour {unknown}
 D - a scroll of silence {unknown}
 J - 2 scrolls of noise {unknown}
 N - a scroll of fear {unknown}
Potions
 c - a potion of might
 d - 3 potions of haste {unknown}
 n - 2 potions of invisibility {unknown}
 p - 4 potions of berserk rage {unknown}
 t - 13 potions of degeneration
 v - 5 potions of curing {unknown}
 z - 2 potions of mutation {unknown}
 B - 2 potions of brilliance {unknown}
 G - 3 potions of attraction {unknown}
 P - 2 potions of cancellation {unknown}
 Q - 2 potions of lignification {unknown}


   Skills:
 * Level 9.0 Fighting
 - Level 2.4 Dodging
 - Level 10.5 Shields
 * Level 15.0 Unarmed Combat
 + Level 3.0 Evocations


You had 11 spell levels left.
You didn't know any spells.
Your spell library contained the following spells:

 Spells                   Type           Power      Damage    Failure   Level
 Sting                    Tmut/Pois      0%         1d3       65%         1
 Poisonous Vapours        Pois/Air       0%         N/A       78%         2
 Dazzling Flash           Conj/Hex       0%         N/A       95%         3
 Volatile Blastmotes      Fire/Tloc      0%         2d10      95%         3
 Olgreb's Toxic Radiance  Pois           0%         N/A       100%        4
 Alistair's Intoxication  Tmut/Pois      0%         N/A       100%        5
 Borgnjor's Vile Clutch   Necr/Erth      0%         N/A       100%        5
 Eringya's Noxious Bog    Tmut/Pois      0%         4d6       100%        6
 Starburst                Conj/Fire      0%         6d3       100%        6
 Maxwell's Capacitive Co  Air            0%         ∞         100%        8


Dungeon Overview and Level Annotations

Branches:
Dungeon (10/15)            Temple (1/1) D:6            Lair (3/5) D:9
  Snake (0/4) Lair:2          Orc (0/2) D:9           Sewer (visited)
  Swamp: Lair:2-3    Shoals: Lair:2-3

Altars:
Ashenzari
Cheibriados
Dithmenos
Elyvilon
Fedhas
Gozag
Hepliaklqana
Kikubaaqudgha
Makhleb
Nemelex Xobeh
Okawaru
Qazlal
Ru
Sif Muna
Trog
Uskayaw
Vehumet
Wu Jian
Xom
Yredelemnul
Zin
The Shining One

Shops:
D:3 [   D:4 *   D:6 [

Annotations:
D:5 3 runed translucent doors, wally255's ghost, amateur TrFi
Lair:2 exclusion: 2 oklob plants
Lair:3 1 runed translucent door


Innate Abilities, Weirdness & Mutations

You are too large for most types of armour.
You have claws for hands.
Your natural rate of healing is unusually fast.
You are covered in fur. (AC +1)
You have tough skin. (AC +1)


Message History

The bolt of acid hits the six-headed hydra!
The acid corrodes the six-headed hydra!
The six-headed hydra is almost dead.
The bolt of acid hits the cane toad!
The acid corrodes the cane toad!
The cane toad is severely wounded.
The bolt of acid hits the rime drake!!
The acid corrodes the rime drake!
The rime drake is severely wounded.
The now-empty wand crumbles to dust.
You block the six-headed hydra's attack.
The six-headed hydra bites you! x2
You block the six-headed hydra's attack.
The six-headed hydra barely misses you. The six-headed hydra bites you.
Unknown command.
Unknown command.
The six-headed hydra misses you. The six-headed hydra bites you.
You block the six-headed hydra's attack.
The six-headed hydra bites you. x2
* * * LOW HITPOINT WARNING * * *
You block the six-headed hydra's attack.
Aiming: Iceblast
Press: ? - help, Shift-Dir - straight line, p - six-headed hydra The mass of ice explodes!
The iceblast engulfs the six-headed hydra!
The six-headed hydra is almost dead.
The six-headed hydra barely misses you. The six-headed hydra bites you.
You block the six-headed hydra's attack.
The six-headed hydra bites you!
* * * LOW HITPOINT WARNING * * *
You block the six-headed hydra's attack.
The six-headed hydra bites you.
* * * LOW HITPOINT WARNING * * *
The six-headed hydra bites you.
* * * LOW HITPOINT WARNING * * *
The six-headed hydra bites you.
* * * LOW HITPOINT WARNING * * *
The six-headed hydra bites you!
* * * LOW HITPOINT WARNING * * *
The six-headed hydra bites you!
You die...
Your body crumbles into a pile of gold.

♣.♣.♣.♣ ###### ♣ ♣.♣.♣.♣ # #
♣.♣.♣.♣.♣ .# ♣.....).♣ .♣ #
###♣.♣### .♣ # ♣♣♣♣♣.♣♣♣♣♣
.#.♣# # ♣.........♣♣♣#$~~~|#
####
............DFkw.~~~.####.##
♣♣♣........@♣♣♣#!~~~$#.#.#..
♣♣♣♣♣.♣♣♣♣♣ .#.♣#...... ♣.♣
.♣ #.####. ... .♣#.# ## .♣.♣
.### ## .♣♣⌠♣ # #. .♣ ## # ♣


You could see a six-headed hydra (corroded), a torpor snail, a cane toad
(corroded) and a rime drake (corroded).

Vanquished Creatures
  3 hydras
  A two-headed ogre (D:10)
  A skyshark (Lair:3)
  7 elephants (Lair:3)
  5 black mambas
  8 cane toads
  A rime drake (Lair:1)
  4 komodo dragons
  A troll (D:10)
  A hornet (D:8)
  2 polar bears
  A blink frog (Lair:3)
  A flying skull (D:7)
  A vampire (D:10)
  26 yaks
  A shadow (D:10)
  6 wyverns
  2 steam dragons
  14 water moccasins
  5 orc warriors
  2 elephant zombies (D:7)
  A swamp drake (D:9)
  2 ice beasts
  A black bear (D:7)
  A sky beast (D:8)
  7 centaurs
  An ogre (D:6)
  7 wolves (Lair:2)
  3 phantoms
  2 kobold brigands
  13 bullfrogs
  2 scorpions (D:7)
  3 killer bees (D:7)
  4 howler monkeys
  A centaur zombie (D:7)
  3 hounds
  A human zombie (D:7)
  7 orc priests
  2 sleepcaps (D:7)
  A scorpion zombie (D:7)
  2 iguanas
  A hell rat (Sewer)
  4 orc wizards
  6 hound zombies (D:7)
  A howler monkey zombie (D:7)
  4 gnolls
  7 adders
  A river rat (Sewer)
  A white imp (D:8)
  An adder zombie (D:7)
  A worm (D:3)
  4 dart slugs
  52 orcs
  6 endoplasms
  7 giant cockroaches
  6 hobgoblins
  15 kobolds
  2 quokkas
  6 ball pythons
  12 bats
  3 frilled lizards
  5 goblins
  14 rats
316 creatures vanquished.

Vanquished Creatures (others)
  A killer bee zombie (D:7)
1 creature vanquished.

Grand Total: 317 creatures vanquished

Notes
Turn   | Place    | Note
-------+----------+-------------------------------------------
     0 | D:1      | billz999 the Troll Fighter began the quest for the Orb.
     0 | D:1      | Reached XP level 1. HP: 22/22 MP: 0/0
   110 | D:1      | Reached XP level 2. HP: 29/29 MP: 1/1
   483 | D:1      | Reached skill level 3 in Unarmed Combat
   486 | D:1      | Reached XP level 3. HP: 29/36 MP: 0/2
  1120 | D:2      | Reached XP level 4. HP: 43/44 MP: 3/3
  1149 | D:2      | Identified the +8 kite shield "Telamnux" {*Slow rF++ rC+
                  | Dex+3}
  1464 | D:3      | Found Kiulloud's Antique Armour Shop.
  1553 | D:3      | Found a glowing drain.
  1569 | Sewer    | Entered a sewer
  1622 | Sewer    | Reached skill level 4 in Unarmed Combat
  2024 | D:3      | Reached XP level 5. HP: 50/50 MP: 4/4
  2283 | D:4      | Found Askeshofo's Assorted Antiques.
  2384 | D:4      | Noticed a phantom
  2395 | D:4      | Killed a phantom
  2615 | D:4      | Found a shimmering altar of Xom.
  2622 | D:4      | Noticed a phantom
  2633 | D:4      | Killed a phantom
  2634 | D:4      | Reached skill level 5 in Unarmed Combat
  2634 | D:4      | Reached XP level 6. HP: 59/59 MP: 5/5
  2636 | D:4      | Found a hazy altar of Hepliaklqana.
  2643 | D:4      | Found a basalt altar of Yredelemnul.
  2647 | D:4      | Found a stormy altar of Qazlal.
  2653 | D:4      | Found a snail-covered altar of Cheibriados.
  2658 | D:4      | Found a shimmering blue altar of Sif Muna.
  2670 | D:4      | Found a glowing silver altar of Zin.
  2920 | D:5      | Entered Level 5 of the Dungeon
  2922 | D:5      | Found a runed translucent gate.
  2922 | D:5      | Found a runed translucent gate.
  3025 | D:5      | Reached skill level 5 in Shields
  3160 | D:5      | Found a runed translucent gate.
  3160 | D:5      | Found an opulent altar of Gozag.
  3160 | D:5      | Noticed an orc warrior
  3162 | D:5      | Noticed an acid dragon
  3163 | D:5      | Noticed wally255's ghost (amateur TrFi)
  3242 | D:5      | Reached XP level 7. HP: 66/66 MP: 6/6
  3295 | D:5      | Reached skill level 6 in Unarmed Combat
  3903 | D:6      | Found Aphuun's Antique Armour Emporium.
  3948 | D:6      | Reached skill level 7 in Unarmed Combat
  3998 | D:6      | Reached XP level 8. HP: 74/74 MP: 7/7
  4143 | D:6      | Found a staircase to the Ecumenical Temple.
  4250 | Temple   | Entered the Ecumenical Temple
  4275 | Temple   | Became a worshipper of Gozag Ym Sagoz the Greedy
  4533 | D:7      | Found an ancient bone altar of Kikubaaqudgha.
  4535 | D:7      | Noticed a flying skull
  4550 | D:7      | Killed a flying skull
  4598 | D:7      | Reached skill level 8 in Unarmed Combat
  4822 | D:7      | Reached XP level 9. HP: 78/80 MP: 6/8
  5081 | D:7      | Reached skill level 9 in Unarmed Combat
  5513 | D:8      | Reached skill level 10 in Unarmed Combat
  5904 | D:8      | Reached XP level 10. HP: 88/88 MP: 9/9
  5965 | D:8      | Reached skill level 10 in Shields
  5991 | D:8      | Found a flagged portal.
  6315 | D:9      | Reached skill level 11 in Unarmed Combat
  6426 | D:9      | Found a staircase to the Lair.
  6784 | D:9      | Found a staircase to the Orcish Mines.
  7069 | D:10     | Entered Level 10 of the Dungeon
  7294 | D:10     | Noticed a two-headed ogre
  7312 | D:10     | Killed a two-headed ogre
  7313 | D:10     | Reached skill level 12 in Unarmed Combat
  7562 | D:10     | Reached XP level 11. HP: 88/101 MP: 7/10
  7706 | D:14     | Identified the "Piseutwo"
  7706 | Lair:1   | Entered Level 1 of the Lair of Beasts
  7790 | Lair:1   | Reached skill level 5 in Fighting
  8077 | Lair:1   | Reached skill level 13 in Unarmed Combat
  9112 | Lair:2   | Found a staircase to the Snake Pit.
  9325 | Lair:2   | Noticed an oklob plant
  9325 | Lair:2   | Noticed an oklob plant
  9623 | Lair:2   | Noticed a five-headed hydra
  9652 | Lair:2   | Killed a five-headed hydra
  9653 | Lair:2   | Reached skill level 14 in Unarmed Combat
  9718 | Lair:2   | Reached XP level 12. HP: 105/118 MP: 8/11
  9906 | Lair:2   | Reached skill level 1 in Evocations
  9906 | Lair:2   | Noticed a six-headed hydra
 10167 | Lair:2   | Killed a seven-headed hydra
 10492 | Lair:3   | Noticed a six-headed hydra
 10722 | Lair:3   | Killed a six-headed hydra
 11037 | Lair:3   | Found a runed translucent door.
 11210 | Lair:3   | Reached skill level 15 in Unarmed Combat
 11233 | Lair:3   | Noticed a five-headed hydra
 11242 | Lair:3   | Slain by a six-headed hydra

Illustrated notes

Levels and vault maps discovered:
D:1:      orjb1_lava_funnel, layout_basic, fountainhead, nicolae_grassy_gnolls
D:2:      layout_basic, minmay_misc_feat_plants, minmay_small_reverse_x
D:3:      layout_basic, serial_shops, shop_statue, portal_sewer_entry_b,
          minmay_quadrilaterals
D:4:      wander_river, layout_basic, grunt_temple_overflow_octagram,
          serial_shops, nicolae_shop_hallway_stairs
D:5:      layout_loops_corners, ebering_ghost_gozag
D:6:      layout_gridville, temple_pool_b, serial_shops, shop,
          kennysheep_minor_cross, st_stairs_8
D:7:      layout_basic, roadster_capsule_ark_zombie
D:8:      layout_loops_ring, enter_bailey_8
D:9:      layout_roguey, lair_entry_dummy, erik_orc_1, special_room
          [special_room_orc]
D:10:     layout_basic
Temple:   nicolae_temple_bog_church
Lair:1:   layout_cave_pods
Lair:2:   minmay_lair_oklob_chamber, layout_hall_layers,
          minmay_snake_entry_six_corridors
Lair:3:   nzn_winding_woodlands_three_and_one
          [nzn_winding_woodlands_5x15_sawtooth,
          nzn_winding_woodlands_5x15_default,
          nzn_winding_woodlands_5x15_sidewinder,
          nzn_winding_woodlands_center_triple_pond], layout_small_grid,
          mainiacjoe_swamp_entry_angry_trees, pf_torpor_hydra

Skill      XL: |  1  2  3  4  5  6  7  8  9 10 11 12 |
---------------+-------------------------------------+-----
Shields        | 3 4 5 6 7 9 10 | 10.5
Unarmed Combat | 3 4 5 7 8 10 12 14 15 | 15.0
Fighting       | 4 7 9 |  9.0
Evocations     | 3 |  3.0
Dodging        | |  2.4

Action                     |  1- 3 |  4- 6 |  7- 9 | 10-12 || total
---------------------------+-------+-------+-------+-------++-------
  Melee: Unarmed           |    71 |   150 |   279 |   502 ||  1002
  Evoke: Wand              |       |       |       |    26 ||    26
    Use: Scroll            |       |     7 |       |     3 ||    10
   Stab: Sleeping          |     1 |     1 |       |     1 ||     3
         Distracted        |       |       |       |     7 ||     7
 Armour: Robe              |    39 |    36 |    82 |   228 ||   385
  Dodge: Dodged            |    20 |    19 |    60 |   102 ||   201
  Block: Kite shield       |    19 |   103 |   213 |   413 ||   748

Table legend: (Time is in decaauts)
 A = Elapsed time spent in this place.
 B = Non-inter-level travel time spent in this place.
 C = Inter-level travel time spent in this place.
 D = Time resting spent in this place.
 E = Time spent auto-exploring this place.
 F = Levels seen in this place.
 G = Mean time per level.
                   A        B        C        D        E       F      G
               +--------+--------+--------+--------+--------+-----+--------+
         Total |  11166 |  10399 |    767 |    141 |   8275 |  15 |  744.4 |
       Dungeon |   7875 |   7200 |    675 |      5 |   5827 |  10 |  787.5 |
        Temple |     36 |     25 |     11 |      0 |      0 |   1 |   36.0 |
          Lair |   3162 |   3083 |     79 |    136 |   2429 |   3 | 1054.0 |
         Sewer |     90 |     90 |      0 |      0 |     19 |   1 |   90.0 |
               +--------+--------+--------+--------+--------+-----+--------+

Top non-repeatable levels by time:
  Lair:2: 1272 daAuts
  Lair:1: 1119 daAuts
     D:7: 1015 daAuts
     D:5: 997 daAuts
     D:1: 874 daAuts
     D:8: 835 daAuts
     D:3: 791 daAuts
     D:9: 786 daAuts
  Lair:3: 770 daAuts
     D:4: 676 daAuts
     D:2: 658 daAuts
     D:6: 643 daAuts
    D:10: 596 daAuts
   Sewer: 90 daAuts
  Temple: 36 daAuts
